[ AOE2 MATCH · #463705615 ]
UnrankedGoths vs Poles
[ REPLAY ANALYSIS · EXTRACTED FROM THE RECORDED GAME ]
Feudal
12:22
Castle
17:20
Imperial
28:45
| APM avg | 16.5 |
| APM peak | 57 |
| eAPM avg | 12.8 |
| Villagers / military | 137 / 759 |
Focus
⚔️ 31.8% · 🌾 68.2%
Spearman ×424 · Huskarl ×328 · Trade Cart ×12 · Trebuchet (Packed) ×7
Feudal
12:04
Castle
15:49
Imperial
27:40
| APM avg | 12.8 |
| APM peak | 42 |
| eAPM avg | 10.7 |
| Villagers / military | 194 / 665 |
Focus
⚔️ 36.6% · 🌾 63.4%
Obuch ×279 · Knight ×236 · Scout Cavalry ×146 · Trade Cart ×42 · Trebuchet (Packed) ×4
Feudal
9:25
Castle
21:40
Imperial
34:44
| APM avg | 13.8 |
| APM peak | 29 |
| eAPM avg | 11.6 |
| Villagers / military | 107 / 703 |
Focus
⚔️ 43.7% · 🌾 56.3%
Steppe Lancer ×373 · Spearman ×191 · Scout Cavalry ×133 · Knight ×5 · Monk ×1
Feudal
11:42
Castle
15:44
Imperial
29:43
| APM avg | 21.1 |
| APM peak | 53 |
| eAPM avg | 14.7 |
| Villagers / military | 169 / 605 |
Focus
⚔️ 41.0% · 🌾 59.0%
Scout Cavalry ×452 · Mangudai ×70 · Camel Scout ×26 · Scorpion ×23 · Steppe Lancer ×18 · Trebuchet (Packed) ×15
Feudal
10:56
Castle
17:23
Imperial
32:10
| APM avg | 19.1 |
| APM peak | 80 |
| eAPM avg | 14.9 |
| Villagers / military | 109 / 519 |
Focus
⚔️ 39.6% · 🌾 60.4%
Spearman ×266 · Jaguar Warrior ×105 · Skirmisher ×92 · Monk ×28 · Battering Ram ×16 · Trebuchet (Packed) ×7
Feudal
13:43
Castle
17:15
Imperial
32:08
| APM avg | 24.4 |
| APM peak | 68 |
| eAPM avg | 13.4 |
| Villagers / military | 147 / 425 |
Focus
⚔️ 32.4% · 🌾 67.6%
Scorpion ×223 · Battle Elephant ×129 · Spearman ×50 · Trade Cart ×35 · Trebuchet (Packed) ×19 · Ratha (Ranged) ×3
Match map
Initial resources + every placement click. Lines = walls · curves = elevation contours. ◆ gold · ⬟ stone · ● berries · ✦ relic · ◌ wall gap
Inputs per minute
— GloW - - Fluffipro
Build order — GloW
First 150 of 531 actions detected
| 0:02 | Create | Villager (Male) |
| 0:02 | Create | Villager (Male) |
| 0:05 | Build | House |
| 0:07 | Build | House |
| 0:21 | Create | Villager (Male) |
| 0:41 | Create | Villager (Male) |
| 1:42 | Create | Villager (Male) |
| 1:59 | Create | Villager (Male) |
| 2:49 | Create | Villager (Male) |
| 2:59 | Create | Villager (Male) |
| 3:18 | Create | Villager (Male) |
| 3:45 | Create | Villager (Male) |
| 3:52 | Build | House |
| 3:56 | Create | Villager (Male) |
| 4:10 | Create | Villager (Male) |
| 4:35 | Build | Mill |
| 4:46 | Create | Villager (Male) |
| 5:00 | Create | Villager (Male) |
| 5:24 | Build | House |
| 5:48 | Create | Villager (Male) |
| 6:14 | Build | House |
| 6:20 | Create | Villager (Male) |
| 6:49 | Create | Villager (Male) |
| 7:26 | Create | Villager (Male) |
| 7:54 | Create | Villager (Male) |
| 8:09 | Build | Mining Camp |
| 8:10 | Create | Villager (Male) |
| 8:24 | Create | Villager (Male) |
| 8:58 | Build | Lumber Camp |
| 9:02 | Build | Mining Camp |
| 9:10 | Create | Villager (Male) |
| 9:38 | Create | Villager (Male) |
| 10:12 | Research | Feudal Age |
| 11:07 | Create | Villager (Male) |
| 11:07 | Create | Villager (Male) |
| 11:59 | Build | House |
| 12:01 | Build | House |
| 12:22 | Age | Feudal Age |
| 12:29 | Build | Market |
| 12:40 | Research | Horse Collar |
| 12:54 | Create | Villager (Male) |
| 13:07 | Build | Farm |
| 13:08 | Build | Farm |
| 13:08 | Build | Farm |
| 13:09 | Build | Farm |
| 13:10 | Build | Farm |
| 13:11 | Build | Farm |
| 14:02 | Build | Blacksmith |
| 14:08 | Build | Farm |
| 14:10 | Create | Villager (Male) |
| 14:40 | Research | Castle Age |
| 14:58 | Build | House |
| 15:03 | Create | Villager (Male) |
| 15:03 | Create | Villager (Male) |
| 15:34 | Build | House |
| 16:02 | Build | House |
| 16:23 | Research | Double-Bit Axe |
| 17:20 | Age | Castle Age |
| 17:23 | Create | Villager (Male) |
| 17:38 | Build | Castle |
| 17:58 | Build | Farm |
| 18:15 | Build | Farm |
| 18:26 | Create | Villager (Male) |
| 18:44 | Create | Villager (Male) |
| 19:16 | Build | Farm |
| 19:16 | Build | Farm |
| 19:17 | Build | Farm |
| 19:18 | Build | Farm |
| 19:26 | Create | Villager (Male) |
| 19:46 | Build | House |
| 19:50 | Build | House |
| 19:53 | Create | Villager (Male) |
| 20:17 | Build | Town Center |
| 20:25 | Create | Villager (Male) |
| 20:25 | Create | Villager (Male) |
| 20:31 | Build | Farm |
| 20:38 | Build | Farm |
| 20:51 | Research | Anarchy |
| 21:07 | Create | Villager (Male) |
| 21:30 | Build | Town Center |
| 21:34 | Create | Villager (Male) |
| 21:38 | Create | Villager (Male) |
| 21:38 | Create | Villager (Male) |
| 21:59 | Create | Villager (Male) |
| 22:11 | Build | Farm |
| 22:16 | Build | Farm |
| 22:18 | Build | Farm |
| 22:22 | Build | Farm |
| 22:26 | Create | Villager (Male) |
| 22:27 | Create | Villager (Male) |
| 22:46 | Create | Villager (Male) |
| 22:58 | Create | Villager (Male) |
| 22:59 | Create | Villager (Male) |
| 23:00 | Create | Villager (Male) |
| 23:05 | Build | Farm |
| 23:10 | Build | House |
| 23:21 | Create | Villager (Male) |
| 23:23 | Create | Villager (Male) |
| 23:24 | Create | Villager (Male) |
| 23:33 | Build | Farm |
| 23:40 | Build | Farm |
| 23:41 | Build | Farm |
| 23:42 | Build | Farm |
| 23:45 | Create | Villager (Male) |
| 23:46 | Create | Villager (Male) |
| 23:47 | Create | Villager (Male) |
| 24:02 | Build | Farm |
| 24:16 | Build | House |
| 24:32 | Build | Farm |
| 24:40 | Create | Villager (Male) |
| 24:41 | Create | Villager (Male) |
| 24:42 | Create | Villager (Male) |
| 25:01 | Build | Mill |
| 25:02 | Build | Farm |
| 25:03 | Build | Farm |
| 25:04 | Build | Farm |
| 25:06 | Build | Farm |
| 25:18 | Build | House |
| 25:35 | Research | Imperial Age |
| 25:46 | Build | Farm |
| 26:03 | Create | Villager (Male) |
| 26:04 | Create | Villager (Male) |
| 26:04 | Create | Villager (Male) |
| 26:05 | Create | Villager (Male) |
| 26:05 | Create | Villager (Male) |
| 26:18 | Build | Barracks |
| 26:28 | Research | Loom |
| 26:34 | Research | Wheelbarrow |
| 26:35 | Create | Villager (Male) |
| 26:36 | Create | Villager (Male) |
| 26:41 | Build | Farm |
| 26:48 | Build | Farm |
| 26:57 | Build | Farm |
| 27:01 | Create | Villager (Male) |
| 27:03 | Create | Villager (Male) |
| 27:05 | Research | Town Watch |
| 27:08 | Research | Fletching |
| 27:22 | Create | Villager (Male) |
| 27:23 | Create | Villager (Male) |
| 27:26 | Research | Gold Mining |
| 27:28 | Research | Stone Mining |
| 27:58 | Build | Barracks |
| 27:59 | Create | Villager (Male) |
| 28:00 | Create | Villager (Male) |
| 28:01 | Create | Villager (Male) |
| 28:01 | Create | Villager (Male) |
| 28:02 | Create | Villager (Male) |
| 28:02 | Create | Villager (Male) |
| 28:11 | Create | Villager (Male) |
| 28:15 | Create | Villager (Male) |
Build order — Fluffipro
First 150 of 485 actions detected
| 0:02 | Create | Villager (Male) |
| 0:02 | Create | Villager (Male) |
| 0:03 | Create | Villager (Male) |
| 0:03 | Create | Villager (Male) |
| 0:03 | Create | Villager (Male) |
| 0:06 | Build | House |
| 0:08 | Build | House |
| 1:43 | Create | Villager (Male) |
| 1:43 | Create | Villager (Male) |
| 1:54 | Build | Lumber Camp |
| 1:58 | Create | Villager (Male) |
| 1:58 | Create | Villager (Male) |
| 2:32 | Create | Villager (Male) |
| 2:58 | Create | Villager (Male) |
| 3:06 | Create | Villager (Male) |
| 3:30 | Build | House |
| 3:54 | Create | Villager (Male) |
| 3:55 | Create | Villager (Male) |
| 4:09 | Build | Mill |
| 4:16 | Create | Villager (Male) |
| 4:16 | Create | Villager (Male) |
| 4:54 | Create | Villager (Male) |
| 5:03 | Create | Villager (Male) |
| 5:28 | Create | Villager (Male) |
| 5:35 | Build | House |
| 5:39 | Create | Villager (Male) |
| 6:11 | Create | Villager (Male) |
| 6:38 | Create | Villager (Male) |
| 6:39 | Create | Villager (Male) |
| 6:40 | Create | Villager (Male) |
| 7:01 | Create | Villager (Male) |
| 7:49 | Create | Villager (Male) |
| 7:50 | Create | Villager (Male) |
| 8:22 | Create | Villager (Male) |
| 8:36 | Build | Mill |
| 9:06 | Create | Villager (Male) |
| 9:25 | Build | Barracks |
| 9:31 | Research | Feudal Age |
| 9:56 | Build | Mining Camp |
| 10:07 | Build | House |
| 10:10 | Build | House |
| 10:49 | Create | Villager (Male) |
| 10:50 | Create | Villager (Male) |
| 10:50 | Create | Villager (Male) |
| 11:53 | Build | Farm |
| 11:55 | Build | Farm |
| 12:04 | Age | Feudal Age |
| 12:08 | Build | Blacksmith |
| 12:26 | Build | Stable |
| 13:09 | Research | Castle Age |
| 13:36 | Research | Double-Bit Axe |
| 13:40 | Research | Horse Collar |
| 13:53 | Build | Farm |
| 14:10 | Build | Farm |
| 14:19 | Build | Farm |
| 14:35 | Build | Farm |
| 14:43 | Build | Farm |
| 14:56 | Build | Farm |
| 15:04 | Build | Farm |
| 15:11 | Build | Farm |
| 15:14 | Create | Villager (Male) |
| 15:15 | Create | Villager (Male) |
| 15:15 | Create | Villager (Male) |
| 15:16 | Create | Villager (Male) |
| 15:34 | Build | Farm |
| 15:42 | Build | Farm |
| 15:47 | Build | Farm |
| 15:48 | Build | Farm |
| 15:49 | Build | Farm |
| 15:49 | Age | Castle Age |
| 15:52 | Create | Villager (Male) |
| 15:53 | Create | Villager (Male) |
| 15:53 | Create | Villager (Male) |
| 15:53 | Create | Villager (Male) |
| 16:31 | Create | Villager (Male) |
| 16:57 | Build | Town Center |
| 17:00 | Create | Villager (Male) |
| 17:10 | Build | Farm |
| 17:31 | Build | Farm |
| 17:40 | Create | Villager (Male) |
| 17:42 | Research | Loom |
| 18:15 | Research | Heavy Plow |
| 18:16 | Create | Villager (Male) |
| 18:17 | Create | Villager (Male) |
| 18:17 | Create | Villager (Male) |
| 18:17 | Create | Villager (Male) |
| 18:18 | Create | Villager (Male) |
| 18:18 | Create | Villager (Male) |
| 18:18 | Create | Villager (Male) |
| 18:28 | Build | Farm |
| 18:34 | Create | Villager (Male) |
| 18:36 | Create | Villager (Male) |
| 18:40 | Create | Villager (Male) |
| 19:05 | Research | Wheelbarrow |
| 19:15 | Research | Bloodlines |
| 19:38 | Research | Bow Saw |
| 20:18 | Build | Town Center |
| 20:25 | Create | Villager (Male) |
| 20:26 | Create | Villager (Male) |
| 20:34 | Build | House |
| 20:42 | Build | House |
| 20:43 | Build | House |
| 20:44 | Build | House |
| 21:27 | Create | Villager (Male) |
| 21:27 | Create | Villager (Male) |
| 21:49 | Create | Villager (Male) |
| 21:49 | Create | Villager (Male) |
| 21:49 | Create | Villager (Male) |
| 21:50 | Create | Villager (Male) |
| 21:50 | Create | Villager (Male) |
| 22:12 | Build | Stable |
| 22:53 | Build | Castle |
| 22:57 | Create | Villager (Male) |
| 22:58 | Create | Villager (Male) |
| 22:59 | Create | Villager (Male) |
| 23:11 | Create | Villager (Male) |
| 23:11 | Create | Villager (Male) |
| 23:12 | Create | Villager (Male) |
| 23:53 | Create | Knight |
| 24:10 | Create | Villager (Male) |
| 24:11 | Create | Villager (Male) |
| 24:12 | Create | Villager (Male) |
| 24:15 | Create | Villager (Male) |
| 24:20 | Create | Villager (Male) |
| 24:30 | Research | Imperial Age |
| 24:49 | Build | Town Center |
| 24:54 | Create | Villager (Male) ×5 |
| 24:54 | Create | Villager (Male) ×5 |
| 25:01 | Build | Farm |
| 25:03 | Build | Farm |
| 25:05 | Build | Farm |
| 25:07 | Build | Farm |
| 25:10 | Build | Farm |
| 25:12 | Build | Farm |
| 25:36 | Build | Farm |
| 25:37 | Build | Farm |
| 25:38 | Build | Farm |
| 25:48 | Research | Arson |
| 25:55 | Research | Scale Barding Armor |
| 25:56 | Research | Forging |
| 26:12 | Create | Villager (Male) ×3 |
| 26:16 | Create | Villager (Male) |
| 26:16 | Create | Villager (Male) |
| 26:23 | Build | Farm |
| 26:25 | Build | Farm |
| 26:26 | Build | Farm |
| 26:27 | Build | Farm |
| 26:29 | Build | Farm |
| 26:32 | Build | Farm |
| 26:33 | Build | Farm |
Build order — Marak
First 150 of 513 actions detected
| 0:01 | Create | Villager (Male) |
| 0:02 | Create | Villager (Male) |
| 0:02 | Create | Villager (Male) |
| 0:02 | Create | Villager (Male) |
| 0:04 | Build | House |
| 0:49 | Build | House |
| 0:51 | Build | House |
| 1:28 | Create | Villager (Male) |
| 1:50 | Build | Lumber Camp |
| 1:57 | Create | Villager (Male) |
| 2:31 | Create | Villager (Male) |
| 2:58 | Create | Villager (Male) |
| 3:00 | Create | Villager (Male) |
| 3:46 | Create | Villager (Male) |
| 3:47 | Create | Villager (Male) |
| 4:46 | Create | Villager (Male) |
| 4:47 | Create | Villager (Male) |
| 4:49 | Create | Villager (Male) |
| 4:58 | Create | Villager (Male) |
| 5:22 | Build | Mill |
| 5:45 | Create | Villager (Male) |
| 6:19 | Build | House |
| 7:15 | Research | Feudal Age |
| 9:25 | Age | Feudal Age |
| 9:35 | Build | Town Center |
| 9:42 | Create | Villager (Male) |
| 9:43 | Create | Villager (Male) |
| 9:43 | Create | Villager (Male) |
| 9:47 | Research | Double-Bit Axe |
| 10:15 | Build | House |
| 10:32 | Create | Villager (Male) |
| 10:58 | Build | House |
| 11:03 | Create | Villager (Male) |
| 11:29 | Create | Villager (Male) |
| 11:49 | Create | Villager (Male) |
| 11:55 | Create | Villager (Male) |
| 11:56 | Create | Villager (Male) |
| 12:02 | Build | Farm |
| 12:03 | Build | Farm |
| 12:05 | Build | Farm |
| 12:06 | Build | Farm |
| 12:09 | Create | Villager (Male) |
| 12:24 | Build | House |
| 12:28 | Create | Villager (Male) |
| 12:32 | Build | Farm |
| 12:34 | Create | Villager (Male) |
| 12:44 | Create | Villager (Male) |
| 12:53 | Build | House |
| 13:01 | Build | Farm |
| 13:11 | Create | Villager (Male) |
| 13:14 | Create | Villager (Male) |
| 13:18 | Build | Farm |
| 13:30 | Build | Farm |
| 13:35 | Build | House |
| 13:40 | Build | Farm |
| 13:43 | Create | Villager (Male) |
| 13:50 | Create | Villager (Male) |
| 14:10 | Build | Farm |
| 14:11 | Build | Farm |
| 14:12 | Build | Farm |
| 14:14 | Build | Farm |
| 14:18 | Build | Farm |
| 14:20 | Create | Villager (Male) |
| 14:25 | Create | Villager (Male) |
| 14:26 | Create | Villager (Male) |
| 14:35 | Build | Farm |
| 14:37 | Create | Villager (Male) |
| 14:39 | Create | Villager (Male) |
| 14:51 | Create | Villager (Male) |
| 14:55 | Build | Farm |
| 15:06 | Create | Villager (Male) |
| 15:09 | Build | House |
| 15:23 | Build | Farm |
| 15:27 | Create | Villager (Male) |
| 15:30 | Create | Villager (Male) |
| 15:31 | Create | Villager (Male) |
| 15:41 | Build | House |
| 15:57 | Build | Mining Camp |
| 16:02 | Build | Farm |
| 16:04 | Create | Villager (Male) |
| 16:05 | Create | Villager (Male) |
| 16:31 | Create | Villager (Male) |
| 16:34 | Create | Villager (Male) |
| 16:43 | Build | Blacksmith |
| 16:51 | Build | Farm |
| 17:00 | Build | Farm |
| 17:02 | Create | Villager (Male) |
| 17:08 | Build | Farm |
| 17:11 | Build | Farm |
| 17:13 | Create | Villager (Male) |
| 17:13 | Create | Villager (Male) |
| 17:16 | Create | Villager (Male) |
| 17:26 | Build | Farm |
| 17:39 | Build | Market |
| 17:43 | Create | Villager (Male) |
| 17:46 | Create | Villager (Male) |
| 17:47 | Create | Villager (Male) |
| 17:52 | Build | Farm |
| 17:57 | Create | Villager (Male) |
| 18:01 | Create | Villager (Male) |
| 18:17 | Build | Farm |
| 18:42 | Build | Farm |
| 18:46 | Research | Castle Age |
| 18:49 | Create | Villager (Male) |
| 18:49 | Create | Villager (Male) |
| 19:00 | Build | Barracks |
| 19:07 | Build | House |
| 19:11 | Create | Villager (Male) |
| 19:19 | Build | Mill |
| 19:22 | Create | Villager (Male) |
| 19:54 | Research | Gold Mining |
| 19:59 | Build | Farm |
| 20:02 | Build | Farm |
| 20:05 | Build | Farm |
| 20:07 | Create | Villager (Male) |
| 20:07 | Create | Villager (Male) |
| 20:13 | Build | House |
| 20:14 | Build | House |
| 20:16 | Build | House |
| 20:18 | Build | House |
| 20:27 | Build | Stable |
| 20:29 | Build | Stable |
| 20:35 | Build | Stable |
| 20:40 | Research | Forging |
| 20:45 | Build | Farm |
| 20:46 | Create | Villager (Male) |
| 20:47 | Create | Villager (Male) |
| 20:57 | Research | Scale Barding Armor |
| 21:24 | Build | Farm |
| 21:27 | Build | Farm |
| 21:32 | Research | Horse Collar |
| 21:33 | Create | Villager (Male) |
| 21:35 | Create | Villager (Male) |
| 21:40 | Age | Castle Age |
| 21:41 | Create | Villager (Male) |
| 21:42 | Create | Villager (Male) |
| 21:42 | Create | Villager (Male) |
| 21:43 | Create | Villager (Male) |
| 21:48 | Research | Bloodlines |
| 21:51 | Research | Iron Casting |
| 21:55 | Research | Gold Shaft Mining |
| 22:00 | Build | Farm |
| 22:03 | Create | Villager (Male) |
| 22:04 | Create | Villager (Male) |
| 22:05 | Create | Villager (Male) |
| 22:06 | Create | Villager (Male) |
| 22:13 | Create | Steppe Lancer |
| 22:14 | Create | Steppe Lancer |
| 22:27 | Build | Farm |
| 22:34 | Create | Steppe Lancer |
Build order — haratass
First 150 of 596 actions detected
| 0:01 | Create | Villager (Male) ×4 |
| 0:02 | Build | House |
| 0:04 | Build | House |
| 1:26 | Create | Villager (Male) |
| 1:26 | Create | Villager (Male) |
| 1:55 | Build | Lumber Camp |
| 1:57 | Create | Villager (Male) |
| 1:57 | Create | Villager (Male) |
| 2:27 | Create | Villager (Male) |
| 2:27 | Create | Villager (Male) |
| 2:54 | Create | Villager (Male) |
| 2:54 | Create | Villager (Male) |
| 3:10 | Create | Villager (Male) |
| 3:10 | Create | Villager (Male) |
| 3:32 | Build | House |
| 3:44 | Create | Villager (Male) |
| 3:44 | Create | Villager (Male) |
| 3:59 | Build | Mill |
| 4:20 | Create | Villager (Male) |
| 4:20 | Create | Villager (Male) |
| 4:35 | Create | Villager (Male) |
| 4:35 | Create | Villager (Male) |
| 5:19 | Build | House |
| 5:20 | Build | House |
| 5:22 | Create | Villager (Male) |
| 5:22 | Create | Villager (Male) |
| 5:39 | Create | Villager (Male) |
| 5:39 | Create | Villager (Male) |
| 5:39 | Create | Villager (Male) |
| 5:40 | Create | Villager (Male) |
| 7:16 | Create | Villager (Male) |
| 7:16 | Create | Villager (Male) |
| 7:39 | Build | Mill |
| 8:06 | Create | Villager (Male) |
| 8:23 | Create | Villager (Male) |
| 8:46 | Build | Mining Camp |
| 8:53 | Create | Villager (Male) |
| 9:22 | Research | Feudal Age |
| 10:31 | Create | Villager (Male) |
| 10:31 | Create | Villager (Male) |
| 10:32 | Create | Villager (Male) |
| 11:35 | Build | House |
| 11:42 | Age | Feudal Age |
| 11:44 | Build | Market |
| 11:53 | Build | Blacksmith |
| 11:58 | Research | Double-Bit Axe |
| 12:20 | Build | Farm |
| 12:27 | Build | Farm |
| 12:35 | Build | Farm |
| 12:36 | Research | Horse Collar |
| 12:49 | Build | Farm |
| 12:51 | Build | Farm |
| 13:04 | Research | Castle Age |
| 13:36 | Build | Farm |
| 13:36 | Build | Farm |
| 13:37 | Build | Farm |
| 13:38 | Build | Farm |
| 13:40 | Build | Farm |
| 13:41 | Build | Farm |
| 14:31 | Create | Villager (Male) |
| 14:32 | Create | Villager (Male) |
| 14:32 | Create | Villager (Male) |
| 14:32 | Create | Villager (Male) |
| 14:37 | Build | House |
| 14:39 | Build | House |
| 14:42 | Build | House |
| 14:43 | Build | House |
| 15:44 | Age | Castle Age |
| 15:46 | Build | Town Center |
| 15:55 | Build | Town Center |
| 16:00 | Research | Bow Saw |
| 16:02 | Create | Villager (Male) |
| 16:02 | Create | Villager (Male) |
| 16:13 | Build | Farm |
| 16:37 | Build | Farm |
| 17:04 | Build | Farm |
| 17:08 | Create | Villager (Male) |
| 17:08 | Create | Villager (Male) |
| 17:08 | Create | Villager (Male) |
| 17:08 | Create | Villager (Male) |
| 17:09 | Create | Villager (Male) |
| 17:09 | Create | Villager (Male) |
| 17:20 | Create | Villager (Male) |
| 17:20 | Create | Villager (Male) |
| 17:21 | Create | Villager (Male) |
| 17:46 | Build | Building 487 |
| 17:50 | Build | Stone Wall |
| 18:10 | Create | Villager (Male) |
| 18:10 | Create | Villager (Male) |
| 18:14 | Create | Villager (Male) |
| 18:14 | Create | Villager (Male) |
| 18:14 | Create | Villager (Male) |
| 18:18 | Build | Farm |
| 18:19 | Create | Villager (Male) |
| 18:19 | Create | Villager (Male) |
| 18:52 | Build | Barracks |
| 18:55 | Create | Villager (Male) |
| 18:55 | Create | Villager (Male) |
| 18:55 | Create | Villager (Male) |
| 18:57 | Create | Villager (Male) |
| 18:58 | Create | Villager (Male) |
| 19:03 | Build | Farm |
| 19:05 | Build | Farm |
| 19:08 | Build | Farm |
| 19:12 | Build | Farm |
| 19:14 | Build | Farm |
| 19:16 | Create | Villager (Male) |
| 19:16 | Create | Villager (Male) |
| 19:16 | Create | Villager (Male) |
| 19:29 | Create | Villager (Male) |
| 19:30 | Create | Villager (Male) |
| 19:33 | Build | Farm |
| 19:34 | Create | Villager (Male) |
| 19:34 | Create | Villager (Male) |
| 20:00 | Research | Wheelbarrow |
| 20:00 | Research | Wheelbarrow |
| 20:12 | Create | Villager (Male) |
| 20:12 | Create | Villager (Male) |
| 20:17 | Create | Villager (Male) |
| 20:21 | Create | Villager (Male) |
| 20:24 | Create | Villager (Male) |
| 20:33 | Build | Stable |
| 20:34 | Build | Stable |
| 20:43 | Build | Stable |
| 20:48 | Build | Stable |
| 20:53 | Create | Villager (Male) |
| 20:53 | Create | Villager (Male) |
| 20:54 | Create | Villager (Male) |
| 20:54 | Create | Villager (Male) |
| 21:04 | Build | Farm |
| 21:05 | Build | Farm |
| 21:07 | Build | Farm |
| 21:08 | Build | Farm |
| 21:11 | Build | Farm |
| 21:14 | Build | Farm |
| 21:17 | Build | Farm |
| 21:20 | Build | Farm |
| 21:23 | Create | Villager (Male) |
| 21:24 | Create | Villager (Male) |
| 21:24 | Create | Villager (Male) |
| 21:25 | Create | Villager (Male) |
| 21:38 | Research | Gold Mining |
| 21:38 | Research | Gold Mining |
| 21:46 | Create | Villager (Male) |
| 21:46 | Create | Villager (Male) |
| 22:09 | Create | Villager (Male) |
| 22:09 | Create | Villager (Male) |
| 22:14 | Create | Villager (Male) |
| 22:14 | Create | Villager (Male) |
| 22:22 | Build | House |
Build order — K.T.
First 150 of 457 actions detected
| 0:00 | Research | Loom |
| 0:01 | Create | Villager (Male) ×4 |
| 0:02 | Build | House |
| 0:03 | Build | House |
| 0:05 | Build | House |
| 0:09 | Build | House |
| 2:02 | Create | Villager (Male) |
| 2:02 | Create | Villager (Male) |
| 2:50 | Create | Villager (Male) |
| 2:50 | Create | Villager (Male) |
| 3:01 | Build | Lumber Camp |
| 3:04 | Create | Villager (Male) |
| 3:58 | Create | Villager (Male) |
| 3:58 | Create | Villager (Male) |
| 3:59 | Create | Villager (Male) |
| 4:41 | Build | House |
| 4:42 | Build | House |
| 4:51 | Create | Villager (Male) |
| 4:51 | Create | Villager (Male) |
| 5:45 | Create | Villager (Male) |
| 5:46 | Create | Villager (Male) |
| 5:46 | Create | Villager (Male) |
| 5:57 | Create | Villager (Male) |
| 6:03 | Build | Mill |
| 6:16 | Build | Mill |
| 7:08 | Create | Villager (Male) |
| 7:08 | Create | Villager (Male) |
| 7:08 | Create | Villager (Male) |
| 7:08 | Create | Villager (Male) |
| 7:34 | Create | Villager (Male) |
| 7:42 | Build | Mill |
| 8:27 | Research | Feudal Age |
| 10:56 | Age | Feudal Age |
| 10:59 | Create | Villager (Male) |
| 10:59 | Create | Villager (Male) |
| 11:00 | Create | Villager (Male) |
| 11:06 | Create | Villager (Male) |
| 11:08 | Research | Horse Collar |
| 11:10 | Research | Double-Bit Axe |
| 11:28 | Build | Mining Camp |
| 12:31 | Create | Villager (Male) |
| 12:31 | Create | Villager (Male) |
| 12:52 | Build | House |
| 13:08 | Build | Blacksmith |
| 13:09 | Build | Market |
| 13:12 | Create | Villager (Male) |
| 13:12 | Create | Villager (Male) |
| 13:19 | Build | Farm |
| 13:20 | Build | Farm |
| 13:21 | Build | Farm |
| 13:21 | Build | Farm |
| 13:23 | Build | Farm |
| 13:25 | Build | Farm |
| 13:27 | Build | Farm |
| 13:28 | Build | Farm |
| 14:43 | Research | Castle Age |
| 14:50 | Build | Mining Camp |
| 14:56 | Build | Barracks |
| 15:32 | Create | Spearman |
| 15:32 | Create | Spearman |
| 15:41 | Build | House |
| 15:42 | Build | House |
| 15:43 | Build | House |
| 15:44 | Build | House |
| 15:59 | Build | Mill |
| 16:00 | Build | Farm |
| 16:01 | Build | Farm |
| 16:23 | Build | Farm |
| 16:28 | Build | Farm |
| 16:40 | Build | Farm |
| 17:23 | Age | Castle Age |
| 17:34 | Build | Monastery |
| 17:38 | Create | Villager (Male) |
| 17:39 | Create | Villager (Male) |
| 17:39 | Create | Villager (Male) |
| 17:40 | Create | Villager (Male) |
| 18:04 | Create | Monk |
| 18:13 | Build | House |
| 18:14 | Build | House |
| 18:15 | Build | House |
| 18:21 | Create | Villager (Male) |
| 18:26 | Create | Monk |
| 18:26 | Create | Monk |
| 18:51 | Research | Stone Mining |
| 18:57 | Research | Gold Mining |
| 19:23 | Create | Villager (Male) |
| 19:30 | Build | Town Center |
| 20:01 | Build | House |
| 20:06 | Create | Villager (Male) |
| 20:11 | Create | Villager (Male) |
| 20:35 | Create | Monk |
| 20:50 | Build | House |
| 20:51 | Build | House |
| 20:51 | Build | House |
| 20:55 | Create | Villager (Male) |
| 20:55 | Create | Villager (Male) |
| 20:56 | Create | Villager (Male) |
| 21:05 | Build | Town Center |
| 22:07 | Research | Heavy Plow |
| 22:12 | Research | Bow Saw |
| 22:14 | Research | Stone Shaft Mining |
| 22:17 | Research | Gold Shaft Mining |
| 22:19 | Create | Villager (Male) |
| 22:20 | Create | Villager (Male) |
| 22:20 | Create | Villager (Male) |
| 24:05 | Build | Archery Range |
| 24:06 | Build | Archery Range |
| 24:08 | Build | Archery Range |
| 24:22 | Research | Fervor |
| 24:51 | Create | Villager (Male) |
| 24:51 | Create | Villager (Male) |
| 24:51 | Create | Villager (Male) |
| 24:53 | Research | Wheelbarrow |
| 24:53 | Research | Town Watch |
| 24:56 | Create | Villager (Male) |
| 24:56 | Create | Villager (Male) |
| 24:56 | Create | Villager (Male) |
| 24:57 | Create | Villager (Male) |
| 25:19 | Build | Farm |
| 25:51 | Build | Farm |
| 26:03 | Research | Fletching |
| 26:03 | Research | Padded Archer Armor |
| 26:04 | Research | Forging |
| 26:04 | Research | Scale Mail Armor |
| 26:13 | Build | Castle |
| 26:34 | Build | Farm |
| 26:36 | Create | Villager (Male) |
| 26:36 | Create | Villager (Male) |
| 26:37 | Create | Villager (Male) |
| 26:43 | Create | Villager (Male) |
| 26:43 | Create | Villager (Male) |
| 26:43 | Create | Villager (Male) |
| 26:48 | Create | Villager (Male) |
| 26:48 | Create | Villager (Male) |
| 26:49 | Create | Villager (Male) |
| 27:21 | Build | Farm |
| 27:22 | Build | Farm |
| 27:29 | Build | Farm |
| 27:33 | Build | Farm |
| 27:37 | Build | Farm |
| 27:39 | Build | Farm |
| 27:44 | Build | Farm |
| 27:45 | Create | Villager (Male) |
| 27:45 | Create | Villager (Male) |
| 27:51 | Build | Mill |
| 27:59 | Build | Mining Camp |
| 28:11 | Build | Farm |
| 28:14 | Build | Farm |
| 28:16 | Create | Villager (Male) |
| 28:20 | Build | Farm |
Build order — Ali Suorittaja
First 150 of 426 actions detected
| 0:01 | Create | Villager (Male) ×4 |
| 0:04 | Build | House |
| 0:05 | Build | House |
| 1:41 | Create | Villager (Male) |
| 1:48 | Build | Lumber Camp |
| 1:51 | Create | Villager (Male) |
| 1:52 | Create | Villager (Male) |
| 2:28 | Create | Villager (Male) |
| 2:28 | Create | Villager (Male) |
| 2:57 | Create | Villager (Male) ×2 |
| 2:57 | Create | Villager (Male) ×2 |
| 3:46 | Create | Villager (Male) |
| 3:47 | Create | Villager (Male) |
| 4:20 | Create | Villager (Male) ×2 |
| 4:51 | Build | House |
| 4:54 | Research | Loom |
| 4:55 | Create | Villager (Male) |
| 4:55 | Create | Villager (Male) |
| 5:06 | Build | House |
| 5:09 | Build | House |
| 5:57 | Build | Mill |
| 6:08 | Create | Villager (Male) ×5 |
| 6:21 | Create | Villager (Male) |
| 6:30 | Build | House |
| 7:40 | Build | Mill |
| 7:59 | Create | Villager (Male) |
| 8:00 | Create | Villager (Male) |
| 8:00 | Create | Villager (Male) |
| 8:03 | Create | Villager (Male) |
| 8:06 | Create | Villager (Male) |
| 8:07 | Create | Villager (Male) |
| 8:07 | Create | Villager (Male) |
| 8:43 | Build | Lumber Camp |
| 10:01 | Research | Feudal Age |
| 10:48 | Build | Mining Camp |
| 11:30 | Build | Farm |
| 11:32 | Build | Farm |
| 11:35 | Build | Farm |
| 11:37 | Create | Villager (Male) |
| 11:38 | Create | Villager (Male) |
| 12:08 | Build | Farm |
| 12:25 | Build | House |
| 12:26 | Build | House |
| 12:29 | Build | House |
| 12:38 | Build | Farm |
| 12:40 | Build | Farm |
| 13:43 | Age | Feudal Age |
| 13:46 | Build | Market |
| 13:53 | Build | Blacksmith |
| 14:05 | Research | Double-Bit Axe |
| 14:08 | Research | Horse Collar |
| 14:31 | Build | Farm |
| 14:35 | Research | Castle Age |
| 14:49 | Build | Farm |
| 14:55 | Build | Farm |
| 14:59 | Build | Farm |
| 15:07 | Create | Villager (Male) |
| 15:08 | Create | Villager (Male) |
| 16:43 | Create | Villager (Male) |
| 16:51 | Research | Wheelbarrow |
| 17:15 | Age | Castle Age |
| 17:18 | Build | Town Center |
| 17:24 | Build | Town Center |
| 17:32 | Research | Bow Saw |
| 18:13 | Create | Villager (Male) |
| 18:13 | Create | Villager (Male) |
| 18:13 | Create | Villager (Male) |
| 18:14 | Create | Villager (Male) |
| 18:28 | Create | Villager (Male) |
| 18:28 | Create | Villager (Male) |
| 18:30 | Create | Villager (Male) |
| 18:34 | Create | Villager (Male) |
| 18:34 | Create | Villager (Male) |
| 18:35 | Create | Villager (Male) |
| 18:36 | Create | Villager (Male) |
| 18:37 | Create | Villager (Male) |
| 18:55 | Build | Farm |
| 18:56 | Build | Farm |
| 18:59 | Build | Farm |
| 19:00 | Build | Farm |
| 19:04 | Build | Farm |
| 19:19 | Build | Building 487 |
| 19:40 | Build | Building 487 |
| 19:45 | Research | Heavy Plow |
| 19:46 | Create | Villager (Male) |
| 19:47 | Create | Villager (Male) |
| 19:47 | Create | Villager (Male) |
| 19:57 | Build | Farm |
| 19:58 | Build | Farm |
| 20:00 | Build | Farm |
| 20:16 | Create | Villager (Male) |
| 20:17 | Create | Villager (Male) |
| 20:17 | Create | Villager (Male) |
| 20:24 | Build | Farm |
| 20:25 | Build | Farm |
| 20:28 | Build | Farm |
| 20:29 | Build | Farm |
| 20:45 | Build | Town Center |
| 20:54 | Create | Villager (Male) |
| 20:54 | Create | Villager (Male) |
| 20:55 | Create | Villager (Male) |
| 21:07 | Build | House |
| 21:09 | Build | House |
| 21:10 | Build | House |
| 21:11 | Build | House |
| 21:20 | Build | Stone Wall |
| 21:25 | Create | Villager (Male) |
| 21:25 | Create | Villager (Male) |
| 21:25 | Create | Villager (Male) |
| 21:26 | Create | Villager (Male) |
| 21:41 | Build | Stone Wall |
| 21:50 | Build | House |
| 21:51 | Build | House |
| 21:52 | Build | House |
| 22:00 | Research | Hand Cart |
| 22:01 | Create | Villager (Male) ×2 |
| 22:07 | Build | Farm |
| 22:09 | Create | Villager (Male) |
| 22:23 | Create | Villager (Male) |
| 22:33 | Build | Farm |
| 22:33 | Build | Farm |
| 22:34 | Build | Farm |
| 22:46 | Create | Villager (Male) ×5 |
| 22:53 | Build | Farm |
| 22:54 | Build | Farm |
| 22:55 | Build | Farm |
| 22:57 | Build | Farm |
| 23:00 | Create | Villager (Male) |
| 23:14 | Build | House |
| 23:24 | Build | House |
| 23:25 | Build | House |
| 23:27 | Build | House |
| 23:31 | Build | House |
| 23:36 | Create | Villager (Male) ×5 |
| 23:39 | Create | Villager (Male) ×3 |
| 23:52 | Build | Barracks |
| 24:04 | Build | Farm |
| 24:05 | Build | Farm |
| 24:06 | Build | Farm |
| 24:07 | Build | Farm |
| 24:12 | Build | Farm |
| 24:12 | Build | Farm |
| 24:13 | Build | Farm |
| 24:15 | Create | Villager (Male) ×5 |
| 24:39 | Build | Stone Wall |
| 24:50 | Build | Stone Wall |
| 25:04 | Create | Villager (Male) ×5 |
| 25:05 | Create | Villager (Male) ×5 |
| 25:16 | Build | Stable |
| 25:21 | Research | Scale Barding Armor |
Match timeline
| 9:25 | Fluffipro · first_building Barracks |
| 9:25 | Marak · age_up feudal |
| 10:56 | K.T. · age_up feudal |
| 11:42 | haratass · age_up feudal |
| 12:04 | Fluffipro · age_up feudal |
| 12:22 | GloW · age_up feudal |
| 12:26 | Fluffipro · first_building Stable |
| 13:43 | Ali Suorittaja · age_up feudal |
| 14:18 | K.T. · first_market_sell 100 wood |
| 14:19 | K.T. · first_market_buy 100 food |
| 14:56 | K.T. · first_building Barracks |
| 15:44 | haratass · age_up castle |
| 15:49 | Fluffipro · age_up castle |
| 17:15 | Ali Suorittaja · age_up castle |
| 17:20 | GloW · age_up castle |
| 17:23 | K.T. · age_up castle |
| 17:34 | K.T. · first_building Monastery |
| 17:38 | GloW · first_building Castle |
| 17:50 | haratass · wall_segment Stone Wall x1 |
| 18:52 | haratass · first_building Barracks |
| 19:00 | Marak · first_building Barracks |
| 20:27 | Marak · first_building Stable |
| 20:33 | haratass · first_building Stable |
| 21:20 | Ali Suorittaja · wall_segment Stone Wall x1 |
| 21:40 | Marak · age_up castle |
| 21:41 | Ali Suorittaja · wall_segment Stone Wall x11 |
| 22:53 | Fluffipro · first_building Castle |
| 23:31 | haratass · first_building Castle |
| 23:52 | Ali Suorittaja · first_building Barracks |
| 24:05 | K.T. · first_building Archery Range |
| 24:39 | Ali Suorittaja · wall_segment Stone Wall x1 |
| 24:50 | Ali Suorittaja · wall_segment Stone Wall x12 |
| 25:16 | Ali Suorittaja · first_building Stable |
| 26:13 | K.T. · first_building Castle |
| 26:18 | GloW · first_building Barracks |
| 26:29 | Ali Suorittaja · first_building Siege Workshop |
| 26:41 | haratass · first_building Siege Workshop |
| 27:12 | Ali Suorittaja · first_building Castle |
| 27:40 | Fluffipro · age_up imperial |
| 27:55 | Ali Suorittaja · first_market_buy 100 food |
| 27:59 | Ali Suorittaja · first_market_sell 100 wood |
| 28:27 | Marak · first_market_sell 100 food |
| 28:45 | GloW · age_up imperial |
| 29:43 | haratass · age_up imperial |
| 30:25 | Marak · first_building Monastery |
| 32:08 | Ali Suorittaja · age_up imperial |
| 32:10 | K.T. · age_up imperial |
| 34:44 | Marak · age_up imperial |
| 37:20 | haratass · first_building Monastery |
| 40:42 | Marak · first_building Castle |
| 41:33 | haratass · tribute_sent a jugador 1 |
| 41:33 | haratass · tribute_sent a jugador 2 |
| 41:33 | haratass · tribute_sent a jugador 3 |
| 41:33 | haratass · tribute_sent a jugador 5 |
| 41:33 | haratass · tribute_sent a jugador 6 |
| 42:00 | Fluffipro · tribute_sent a jugador 1 |
| 42:00 | Fluffipro · tribute_sent a jugador 3 |
| 42:00 | Fluffipro · tribute_sent a jugador 4 |
| 42:00 | Fluffipro · tribute_sent a jugador 5 |
| 42:00 | Fluffipro · tribute_sent a jugador 6 |
| 46:13 | K.T. · first_building Siege Workshop |
| 46:18 | Fluffipro · tribute_sent a jugador 1 |
| 46:18 | Fluffipro · tribute_sent a jugador 3 |
| 46:18 | Fluffipro · tribute_sent a jugador 4 |
| 46:18 | Fluffipro · tribute_sent a jugador 5 |
| 46:18 | Fluffipro · tribute_sent a jugador 6 |
| 47:35 | K.T. · tribute_sent a jugador 1 |
| 47:35 | K.T. · tribute_sent a jugador 2 |
| 47:35 | K.T. · tribute_sent a jugador 3 |
| 47:35 | K.T. · tribute_sent a jugador 4 |
| 47:35 | K.T. · tribute_sent a jugador 6 |
| 50:57 | haratass · tribute_sent a jugador 1 |
| 50:57 | haratass · tribute_sent a jugador 2 |
| 50:57 | haratass · tribute_sent a jugador 3 |
| 50:57 | haratass · tribute_sent a jugador 5 |
| 50:57 | haratass · tribute_sent a jugador 6 |
| 51:08 | Fluffipro · first_market_sell 500 wood |
| 51:39 | haratass · first_market_sell 500 wood |
| 54:17 | GloW · first_market_buy 100 stone |
| 57:21 | Ali Suorittaja · first_building Monastery |
| 65:26 | GloW · resign |
[ AI ANALYSIS · 1 CREDIT ]
What really happened in this match?
Wolo.gg analyzes every decision: build order, eco, micro, common mistakes by bracket. Personalized analysis on WhatsApp or Discord in 30 seconds.
Civ guide
Goths
Perfil
Jugador #1173503